 Dungeon Crawl Stone Soup version 0.30.1-9-gdf580d7c3d (webtiles) character file.

Game seed: 4609212514717634913

1367 KittyFluff the Covered (level 8, -1/76 HPs)
             Began as a Gargoyle Berserker on Oct 9, 2023.
             Was an Elder of Trog.
             Slain by a manticore (10 damage)
             ... on level 6 of the Dungeon.
             The game lasted 00:22:03 (5004 turns).

KittyFluff the Covered (Gargoyle Berserker)         Turns: 5004, Time: 00:22:04

Health: -1/76      AC: 13    Str: 22    XL:     8   Next: 65%
Magic:  8/8        EV: 13    Int:  9    God:    Trog [****..]
Gold:   369        SH:  0    Dex: 12    Spells: 7/7 levels left

rFire   . . .        a - +0 mace
rCold   . . .        (no shield)
rNeg    + . .        p - +0 leather armour
rPois   ∞            n - +1 helmet
rElec   +            (no cloak)
rCorr   .            l - +0 pair of gloves {Dex+3}
SInv    .            (no boots)
Will    ++...        (no amulet) Stlth
                     f - ring of willpower
HPRegen 0.32/turn    b - ring of willpower
MPRegen 0.11/turn

%: no passive effects
@: berserking, spiked, very quick
A: sickness immunity, AC +5, negative energy resistance 1, electricity
resistance, torment resistance 1, petrification resistance
a: Renounce Religion, Berserk, Trog's Hand, Brothers in Arms


You were on level 6 of the Dungeon.
You worshipped Trog.
Trog was greatly pleased with you.
You visited 1 branch of the dungeon, and saw 6 of its levels.

You collected 369 gold pieces.

Inventory:

Hand Weapons
 a - a +0 mace (weapon)
 c - a +0 sling
 k - a +0 morningstar
Missiles
 i - 4 poisoned darts (quivered)
 x - 3 boomerangs
Armour
 l - a +0 pair of gloves of dexterity (worn)
 n - a +1 helmet (worn)
 p - a +0 leather armour (worn)
Jewellery
 b - a ring of willpower (right hand)
 f - a ring of willpower (left hand)
 u - a ring of protection from fire
Wands
 t - a wand of digging (9)
Scrolls
 e - 3 scrolls of poison {unknown}
 g - 2 scrolls of enchant weapon
 m - 4 scrolls of butterflies
 r - a scroll of teleportation
 w - 2 scrolls of amnesia {unknown}
 y - a scroll of immolation {unknown}
Potions
 d - 3 potions of heal wounds
 h - a potion of haste {unknown}
 j - 3 potions of curing {unknown}
 o - 2 potions of lignification {unknown}
 q - a potion of magic {unknown}
 s - a potion of resistance {unknown}
 v - a potion of attraction {unknown}


   Skills:
 + Level 5.8 Fighting
 * Level 6.5 Maces & Flails
 * Level 6.8 Armour
 + Level 3.9 Dodging


You had 7 spell levels left.
You didn't know any spells.
Your spell library was empty.

Dungeon Overview and Level Annotations

Branches:
Dungeon (6/15)
 Temple: D:4-7

Altars:
Gozag
Hepliaklqana
Qazlal

Shops:
D:3 =   D:4 *


Innate Abilities, Weirdness & Mutations

You are immune to sickness and miasma.
Your stone body is resilient. (AC +5)
You are immune to poison.
You resist negative energy. (rN+)
You are resistant to electric shocks. (rElec)
You are resistant to unholy torment.
You are immune to petrification.


Message History

The barbed spikes become lodged in your body.
The manticore flicks its tail.
The volley of spikes misses you.
The manticore flicks its tail.
The volley of spikes misses you.
The barbs in your skin will harm you if you move.
Continue?
Okay, then.
Throw: 6 darts (poison)
Press: ? - help, Q - select action, (/) - cycle Shift-Dir - straight line, f - manticore
Aim: a manticore (70% to hit)
You throw a poisoned dart.
The poisoned dart barely misses the manticore.
The manticore flicks its tail.
The volley of spikes hits you!
The barbed spikes become lodged in your body.
Throw: 5 darts (poison)
Press: ? - help, Q - select action, (/) - cycle Shift-Dir - straight line, f/p - manticore
Aim: a manticore (70% to hit)
You throw a poisoned dart. The poisoned dart hits the manticore.
The manticore is poisoned.
The manticore flicks its tail.
The volley of spikes hits you!!
The barbed spikes become lodged in your body.
* * * LOW HITPOINT WARNING * * *
You feel much better.
You hit the manticore but do no damage.
The manticore is lightly wounded.
The manticore barely misses you. The manticore misses you.
The manticore claws you.
You hit the manticore.
The manticore is lightly wounded.
The manticore misses you. The manticore claws you!
* * * LOW HITPOINT WARNING * * *
The manticore claws you but does no damage.
A red film seems to cover your vision as you go berserk!
You feel yourself moving faster!
You feel mighty! The manticore bites you!
* * * LOW HITPOINT WARNING * * *
The manticore claws you but does no damage.
The manticore claws you!
You die...

#.........# #<........#
#.........# #.........#
#.........# #.........#
#.........## #########
...........#####........
#...............@#
#................H(.#
#.######.##########.(...
#.# #..# .##. ..[ .....
# .## #######


You could see a manticore (poisoned).

Vanquished Creatures
  Grinder (D:5)
  Sigmund (D:5)
  A black bear (D:4)
  A centaur (D:5)
  An ogre (D:5)
  2 scorpions
  A wight (D:5)
  A howler monkey (D:4)
  2 orc priests
  2 hounds (D:5)
  Ijyb (D:4)
  Terence (D:2)
  An iguana (D:3)
  2 orc wizards
  Robin (D:2)
  7 adders
  9 river rats (D:5)
  A white imp (D:4)
  3 ufetubi
  A worm (D:4)
  6 dart slugs
  15 orcs
  7 bats
  6 endoplasms
  2 giant cockroaches
  15 goblins
  10 hobgoblins
  3 jackals (D:2)
  7 quokkas
  5 ball pythons
  2 frilled lizards
  9 kobolds
  22 rats
149 creatures vanquished.

Notes
Turn   | Place    | Note
-------+----------+-------------------------------------------
     0 | D:1      | KittyFluff the Gargoyle Berserker began the quest for the
                  | Orb.
     0 | D:1      | Reached XP level 1. HP: 14/14 MP: 1/1
   282 | D:1      | Reached XP level 2. HP: 13/19 MP: 2/2
   781 | D:2      | Reached XP level 3. HP: 23/24 MP: 3/3
   908 | D:2      | Noticed Terence
   924 | D:2      | Killed Terence
   925 | D:2      | Reached XP level 4. HP: 5/29 MP: 4/4
  1429 | D:2      | Reached ** piety under Trog
  1527 | D:2      | Noticed Robin
  1553 | D:2      | Killed Robin
  1610 | D:2      | Reached XP level 5. HP: 33/33 MP: 5/5
  1960 | D:3      | Found Secuucla's Jewellery Shop.
  2225 | D:3      | Reached *** piety under Trog
  2621 | D:3      | Reached XP level 6. HP: 23/39 MP: 6/6
  2883 | D:4      | Noticed Ijyb
  2904 | D:4      | Killed Ijyb
  3102 | D:4      | Found Gozag's Platinum Reserve.
  3104 | D:4      | Found an opulent altar of Gozag.
  3423 | D:4      | Noticed a black bear
  3441 | D:4      | Killed a black bear
  3442 | D:4      | Reached XP level 7. HP: 25/44 MP: 7/7
  3552 | D:4      | Found a stormy altar of Qazlal.
  3557 | D:4      | Found a hazy altar of Hepliaklqana.
  3642 | D:5      | Entered Level 5 of the Dungeon
  3794 | D:5      | Noticed Sigmund
  3802 | D:4      | Reached skill level 5 in Armour
  3863 | D:5      | Reached skill level 5 in Maces & Flails
  3899 | D:5      | Noticed Grinder
  3920 | D:5      | Killed Grinder
  3921 | D:5      | Reached skill level 5 in Fighting
  3969 | D:5      | Killed Sigmund
  3970 | D:5      | Reached XP level 8. HP: 41/49 MP: 8/8
  4133 | D:5      | Reached **** piety under Trog
  4990 | D:6      | Noticed a manticore
  5000 | D:6      | HP: 1/51 [manticore/volley of spikes (22)]
  5004 | D:6      | Slain by a manticore

Illustrated notes

Levels and vault maps discovered:
D:1:      enne_arrival_octagon_isle, layout_loops_ring, minmay_domino_2
D:2:      minmay_recursive_quarters, layout_loops_corners, st_stairs_2,
          uniq_terence, uniq_robin
D:3:      layout_basic, serial_shops, nicolae_shop_trees
D:4:      layout_loops_cross, nicolae_gozag_zags_fifth_avenue,
          mainiacjoe_overflow_large_starburst, minmay_misc_feat_encased,
          uniq_ijyb
D:5:      lemuel_ratsnest, layout_basic, kennysheep_small_square, uniq_sigmund,
          uniq_grinder
D:6:      layout_rooms

Skill      XL: |  1  2  3  4  5  6  7  8 |
---------------+-------------------------+-----
Armour         | 3 4 5 6 |  6.8
Dodging        | 2 3 |  3.9
Fighting       | 4 5 |  5.8
Maces & Flails | 4 5 6 |  6.5

Action                     |  1- 3 |  4- 6 |  7- 9 || total
---------------------------+-------+-------+-------++-------
  Melee: Mace              |    64 |   283 |   289 ||   636
         Punch             |     1 |     1 |     5 ||     7
  Throw: Dart              |       |       |     8 ||     8
 Invoke: Berserk           |     1 |       |     2 ||     3
    Use: Scroll            |       |     5 |       ||     5
         Potion            |       |       |     1 ||     1
 Armour: Animal skin       |    29 |    54 |       ||    83
         Leather armour    |       |    84 |   148 ||   232
  Dodge: Dodged            |    43 |   212 |   193 ||   448
